Map: Apotheosis LE

Players

johnnuy

  • Race: Protoss Protoss
  • League: Silver

Gracz - Winner!

  • Race: Zerg Zerg
  • League: Silver

VOD

Have the link to the VOD?

Description

Time

  • Played on: Nov. 3, 2016, 2:53 p.m.
  • Length: 5:28
Show
View Real Time Build Order
Export as new Build Order

johnnuy Protoss 

Build Orders:  

Get SALT Encoding   

  12  0:15  Pylon  
  12  0:20  Assimilator  
  12  0:41  Gateway  
  12  0:47  Pylon  
  12  0:55  Probe (Chrono Boost)  
  13  1:05  Probe (Chrono Boost)  
  14  1:16  Probe (Chrono Boost)  
  15  1:48  Zealot  
  17  1:57  Assimilator  
  17  2:03  Probe (Chrono Boost)  
  18  2:13  Probe (Chrono Boost)  
  19  2:15  Zealot  
  21  2:38  Probe (Chrono Boost)  
  21  2:43  Zealot  
  24  2:49  Probe (Chrono Boost)  
  25  2:59  Probe (Chrono Boost)  
  26  3:10  Probe (Chrono Boost)  
  27  3:13  Zealot  
  29  3:20  Probe (Chrono Boost)  
  30  3:45  Zealot  
  28  4:12  Zealot  
Show
View Real Time Build Order
Export as new Build Order

Gracz Zerg - Winner!

Build Orders: Hatch First 

Get SALT Encoding   

  12  0:01  Drone  
  13  0:21  Overlord  
  13  0:52  Drone  
  13  0:53  Drone x2  
  16  1:19  Unknown, Hatchery  
  15  1:28  Spawning Pool  
  14  1:41  Unknown, Hatchery  
  14  1:47  Unknown, Hatchery  
  14  1:54  Drone x3  
  16  2:03  Extractor  
  15  2:24  Drone x2  
  15  2:27  Queen  
  19  2:52  Unknown  
  19  2:53  Drone x3  
  22  2:59  Unknown  
  22  3:01  Queen, Extractor  
  22  3:02  Zergling x2  
  24  3:08  Zergling x6  
  24  3:11  Zergling x2  
  26  3:35  Zergling x4  
  28  3:50  Zergling x2  
  27  3:58  Queen  
  29  4:08  Zergling x4  
  30  4:23  Zergling x12  
  34  4:29  Overlord x2  
  33  4:59  Zergling x4  
  36  5:00  Zergling x2  
Tags
 
Add a new tag
Caveats
  • Supply blocks, unpowered buildings, or Contaminate may cause inaccurate times.
  • Supply counts are checked every 10 seconds.